 Dungeon Crawl Stone Soup version 0.27-a0-334-g52645efa06 (webtiles) character file.

Game seed: 14233602007647812297

5 Lanoc the Skirmisher (level 1, -4/18 HPs)
             Began as a Mummy Monk on Feb 13, 2021.
             Slain by Grinder (7 damage)
             ... on level 3 of the Dungeon.
             The game lasted 00:00:24 (406 turns).

Lanoc the Skirmisher (Mummy Monk)                    Turns: 406, Time: 00:00:24

Health: -4/18      AC:  2    Str: 14    XL:     1   Next: 66%
Magic:  1/1        EV: 10    Int:  9    God:
Gold:   26         SH:  0    Dex: 14    Spells: 0/0 levels left

rFire    x . .     SeeInvis .   a - +0 falchion
rCold    + . .     Faith    .   (no shield)
rNeg     + + +     Spirit   .   b - +0 robe
rPois    ∞         Reflect  .   (no helmet)
rElec    .         Harm     .   (no cloak)
rCorr    .         Rampage  .   (no gloves)
Will     .....                  (no boots)
Stlth    ++........             (no amulet)
HPRegen  0.06/turn              (no ring)
MPRegen  0.07/turn              (no ring)

@: constricted
A: no potions, fire vulnerability, cold resistance 1, negative energy resistance
3, torment resistance, unbreathing
a: no special abilities


You were on level 3 of the Dungeon.
You visited 1 branch of the dungeon, and saw 3 of its levels.

You collected 26 gold pieces.

Inventory:

Hand Weapons
 a - a +0 falchion (weapon)
Armour
 b - a +0 robe (worn)


   Skills:
 + Level 3.1 Fighting
 * Level 2.6 Long Blades
 + Level 2.5 Dodging
 - Level 1.5 Stealth


You couldn't memorise any spells.
You didn't know any spells.
Your spell library was empty.

Dungeon Overview and Level Annotations

Branches:
Dungeon (3/15)

Altars:

Annotations:
D:3 Grinder


Innate Abilities, Weirdness & Mutations

You do not drink.
Your flesh is vulnerable to fire.
You are immune to poison.
Your flesh is cold resistant. (rC+)
You are immune to negative energy. (rN+++)
You are immune to unholy pain and torment.
You can survive without breathing.


Message History

There is a stone staircase leading up here.
There are monsters nearby!
Grinder shouts!
You hear an angry hiss. x2
Grinder blinks!
A goblin comes into view.
An adder comes into view.
Grinder gestures at you.
You suddenly lose the ability to move!
A ball python comes into view.
Grinder hits you. The rat bites you but does no damage.
Grinder blinks!
The rat bites you.
You can move again.
Unknown command.
Unknown command.
You hit the rat.
You kill the rat!
A hobgoblin comes into view.
You completely miss the adder. The adder barely misses you.
The hobgoblin shouts!
You hit the adder.
The adder is moderately wounded.
You hear a bark!
The adder barely misses you.
You riposte.
You miss the adder.
The adder is moderately wounded.
The adder bites you.
You closely miss the adder.
The adder is moderately wounded.
The ball python bites you but does no damage.
The ball python grabs you. The ball python constricts you. Grinder hits you.
The adder bites you. The goblin closely misses you.
You riposte.
You hit the goblin.
The goblin is moderately wounded.
You are too injured to fight recklessly!
You can't drink.
You closely miss Grinder. The adder bites you but does no damage.
The ball python bites you.
* * * LOW HITPOINT WARNING * * *
x2 The ball python constricts you.
The goblin hits you.
* * * LOW HITPOINT WARNING * * *
Grinder hits you!
You die...

...............
#...............
#................
#.[...........#..
..............#
#............##
#..............
#......S....#
#....<5@S...#
##.....g.g."...
##......#.....
#..###........
#.# #.##..... #.
#.# ..... # #.#
.. . #.# ...


You could see Grinder, an adder, a hobgoblin, a goblin and a ball python.

Vanquished Creatures
  A worm (D:2)
  A goblin (D:1)
  A frilled lizard (D:2)
  A rat (D:3)
4 creatures vanquished.

Notes
Turn   | Place    | Note
-------+----------+-------------------------------------------
     0 | D:1      | Lanoc the Mummy Monk began the quest for the Orb.
     0 | D:1      | Reached XP level 1. HP: 18/18 MP: 1/1
   396 | D:3      | Noticed Grinder
   398 | D:3      | Paralysed by Grinder for 4 turns
   406 | D:3      | Slain by Grinder

Illustrated notes

Levels and vault maps discovered:
D:1:      dpeg_arrival_more_subterranean_lakeside_camping, layout_loops_ring
D:2:      layout_rooms, serial_rivers, chequers_serial_rivers_small_b,
          chequers_serial_rivers_micro_d, chequers_serial_rivers_large_b,
          chequers_serial_rivers_small_3, chequers_serial_rivers_room_a,
          chequers_serial_rivers_micro_c, uniq_crazy_yiuf_cottage
D:3:      layout_rooms, uniq_grinder, uniq_ijyb, uniq_robin

Action                   || total
-------------------------++-------
Melee: Falchion          ||    19
Armor: Robe              ||     4
Dodge: Dodged            ||    11
       Rpst.: Falchion   ||     5

Table legend: (Time is in decaauts)
 A = Elapsed time spent in this place.
 B = Non-inter-level travel time spent in this place.
 C = Inter-level travel time spent in this place.
 D = Time resting spent in this place.
 E = Time spent auto-exploring this place.
 F = Levels seen in this place.
 G = Mean time per level.
                   A        B        C        D        E       F      G
               +--------+--------+--------+--------+--------+-----+--------+
         Total |    408 |    397 |     11 |      0 |    353 |   3 |  136.0 |
       Dungeon |    408 |    397 |     11 |      0 |    353 |   3 |  136.0 |
               +--------+--------+--------+--------+--------+-----+--------+

Top non-repeatable levels by time:
     D:2: 375 daAuts
     D:1: 22 daAuts
     D:3: 10 daAuts
